Map: Redshift LE

Players

llllllllllll

  • Race: Protoss Protoss
  • League: Master
  • Spawn Location: 11:00

NORTHAMERICA - Winner!

  • Race: Protoss Protoss
  • League: Grandmaster
  • Spawn Location: 7:00

VOD

Have the link to the VOD?

Description

Time

  • Played on: July 4, 2018, 3:04 a.m.
  • Length: 14:11
Show
View Real Time Build Order
Export as new Build Order

llllllllllll Protoss 

Build Orders:  

Get SALT Encoding   

  12  0:00  Probe  
  13  0:12  Probe  
  14  0:17  Pylon  
  14  0:25  Probe  
  15  0:33  Probe  
  15  0:35  Gateway  
  15  0:41  Probe  
  16  0:46  Assimilator  
  17  0:50  Probe  
  17  0:55  Assimilator  
  18  0:58  Probe  
  19  1:07  Probe  
  20  1:15  Gateway  
  20  1:17  Probe  
  20  1:23  Cybernetics Core  
  21  1:29  Probe  
  22  1:35  Pylon  
  22  1:41  Probe  
  23  1:52  Adept  
  26  2:05  Pylon  
  26  2:07  Pylon  
  25  2:13  Pylon  
  25  2:14  Adept, Shield Battery  
  27  2:17  Adept  
  16  2:54  Adept  
  16  3:05  Sentry  
  19  3:15  Probe  
  19  3:18  Warp Gate  
  20  3:29  Probe  
  21  3:41  Probe  
  22  3:53  Probe  
  23  4:04  Probe  
  23  4:08  Robotics Facility  
  24  4:12  Probe  
  25  4:20  Probe  
  26  4:32  Probe  
  27  4:48  Immortal  
  27  4:49  Probe  
  32  5:01  Probe  
  33  5:13  Probe  
  34  5:24  Warp Prism  
  34  5:25  Probe  
  37  5:30  Pylon  
  37  5:37  Probe  
  38  5:44  Pylon  
  38  5:52  Sentry x2  
  42  6:00  Observer  
  43  6:06  Pylon  
  43  6:10  Gateway  
  43  6:19  Shield Battery  
  43  6:29  Stalker  
  43  6:32  Sentry  
  41  7:01  Stalker  
  41  7:02  Stalker  
  45  7:13  Probe  
  42  7:21  Stalker  
  42  7:22  Observer  
  38  7:25  Probe  
  38  7:26  Stalker  
  37  7:33  Stalker  
  37  7:57  Nexus  
  37  7:58  Immortal  
  37  8:09  Sentry x2  
  45  8:27  Stalker  
  47  8:37  Twilight Council  
  47  8:58  Immortal  
  47  9:02  Probe  
  52  9:11  Forge  
  52  9:14  Probe  
  53  9:22  Probe  
  54  9:33  Immortal  
  54  9:34  Protoss Ground Weapons Level 1  
  54  9:38  Probe  
  55  9:49  Probe  
  55  9:50  Probe  
  55  9:52  Assimilator  
  57  9:54  Assimilator  
  56  10:04  Probe  
  57  10:07  Pylon  
  57  10:19  Blink  
  57  10:22  Immortal  
  57  10:25  Probe  
  60  10:41  Stalker x2  
  53  10:52  Stalker  
  38  11:06  Stalker x2  
  40  11:27  Stalker  
  36  11:47  Adept  
  36  11:48  Adept  
  40  11:59  Probe  
  37  12:23  Stalker x2  
  41  12:35  Stalker  
  41  12:56  Stalker  
  43  12:58  Stalker  
  45  13:09  Sentry  
  41  13:52  Stalker x3  
Show
View Real Time Build Order
Export as new Build Order

NORTHAMERICA Protoss - Winner!

Build Orders:  

Get SALT Encoding   

  12  0:01  Probe  
  13  0:13  Probe  
  14  0:25  Probe  
  15  0:31  Pylon  
  15  0:38  Pylon  
  15  0:56  Gateway  
  15  0:58  Gateway  
  15  1:00  Gateway  
  15  1:11  Gateway  
  15  1:17  Probe  
  16  1:25  Pylon  
  16  1:30  Probe  
  17  1:39  Zealot  
  17  1:44  Zealot  
  17  1:45  Zealot  
  21  1:49  Zealot  
  23  1:57  Zealot  
  27  2:09  Pylon  
  27  2:15  Zealot  
  29  2:37  Assimilator  
  29  2:50  Probe  
  20  2:52  Cybernetics Core  
  20  2:56  Pylon  
  20  2:58  Pylon  
  20  3:00  Pylon  
  20  3:11  Gateway  
  19  3:16  Probe  
  20  3:23  Assimilator  
  18  3:28  Probe  
  19  3:35  Shield Battery  
  19  3:39  Gateway  
  19  3:40  Probe  
  20  3:48  Stalker  
  20  3:49  Warp Gate  
  20  3:52  Probe  
  23  4:09  Shield Battery  
  23  4:13  Probe  
  23  4:16  Adept  
  26  4:25  Stalker  
  26  4:30  Sentry  
  28  4:54  Probe  
  28  4:55  Robotics Facility  
  28  4:59  Gateway  
  29  5:07  Stalker  
  31  5:33  Immortal  
  31  5:38  Pylon  
  35  5:56  Sentry  
  37  5:59  Nexus  
  37  6:03  Pylon  
  37  6:12  Observer, Probe  
  39  6:24  Immortal  
  43  6:40  Robotics Bay  
  43  6:42  Adept, Shield Battery  
  43  6:46  Adept  
  47  6:48  Pylon  
  47  6:57  Pylon  
  47  7:00  Adept  
  41  7:11  Adept x2  
  43  7:17  Warp Prism  
  39  7:32  Adept  
  38  7:46  Probe  
  38  7:47  Gravitic Drive  
  38  7:48  Observer  
  39  7:51  Adept  
  39  7:58  Stalker  
  44  8:23  Disruptor  
  44  8:32  Nexus  
  47  9:00  Probe  
  47  9:01  Disruptor  
  51  9:02  Pylon  
  51  9:05  Adept x2  
  55  9:35  Stalker x2  
  53  9:51  Stalker  
  55  9:58  Disruptor  
  55  10:10  Probe  
  59  10:24  Probe  
  60  10:31  Disruptor  
  60  10:36  Probe, Assimilator  
  60  10:39  Assimilator  
  62  10:48  Probe  
  63  10:52  Adept x3  
  59  11:04  Disruptor  
  58  11:16  Adept x3  
  55  11:29  Pylon  
  55  11:30  Probe  
  55  11:31  Pylon  
  52  11:40  Warp Prism  
  52  11:43  Pylon  
  54  11:48  Probe  
  54  11:51  Stalker  
  53  12:00  Probe  
  52  12:11  Adept  
  52  12:12  Probe  
  52  12:22  Disruptor  
  52  12:24  Probe  
  52  12:29  Shield Battery  
  56  12:47  Probe  
  57  12:53  Stalker x3  
  57  12:58  Pylon, Disruptor  
  66  13:12  Shield Battery  
  64  13:34  Stalker x3  
  67  13:51  Twilight Council  
  67  13:56  Probe  
  67  14:01  Stalker  
Tags
 
Add a new tag
Caveats
  • Supply blocks, unpowered buildings, or Contaminate may cause inaccurate times.
  • Supply counts are checked every 10 seconds.